Map: Dusk Towers

Players

LiquidMaNa (MaNa) - Winner!

  • Race: Protoss Protoss
  • League: Grandmaster

uThermal

  • Race: Terran Terran
  • League: Master

Event: NationWars III

VOD

https://youtu.be/q5UtAOPcbpE

Description

Time

  • Played on: Jan. 2, 2016, 12:17 p.m.
  • Length: 6:34
Show
View Real Time Build Order
Export as new Build Order

LiquidMaNa Protoss - Winner!

Build Orders: 1 Gate Expand, Nexus First, Phoenix Opening 

Get SALT Encoding   

  12  0:00  Probe (Chrono Boost)  
  13  0:11  Probe (Chrono Boost)  
  14  0:18  Pylon  
  14  0:22  Probe (Chrono Boost)  
  15  0:36  Gateway, Probe (Chrono Boost)  
  16  0:46  Probe (Chrono Boost)  
  17  1:05  Nexus  
  17  1:09  Probe (Chrono Boost)  
  18  1:14  Assimilator  
  18  1:19  Probe (Chrono Boost)  
  19  1:26  Cybernetics Core  
  19  1:30  Probe (Chrono Boost)  
  20  1:36  Assimilator  
  20  1:40  Probe (Chrono Boost)  
  20  1:46  Pylon  
  21  1:51  Probe (Chrono Boost)  
  23  2:01  Probe (Chrono Boost)  
  23  2:03  Warp Gate  
  23  2:04  Adept  
  25  2:12  Probe (Chrono Boost)  
  26  2:20  Probe (Chrono Boost)  
  26  2:22  Probe (Chrono Boost)  
  28  2:31  Probe (Chrono Boost)  
  28  2:33  Probe (Chrono Boost)  
  28  2:34  Stargate  
  30  2:37  Assimilator  
  30  2:41  Probe (Chrono Boost)  
  30  2:43  Probe (Chrono Boost)  
  32  2:47  Adept  
  34  2:52  Probe (Chrono Boost)  
  34  2:57  Mothership Core (Chrono Boost)  
  37  3:02  Probe (Chrono Boost)  
  37  3:05  Pylon  
  38  3:13  Probe (Chrono Boost)  
  38  3:16  Probe (Chrono Boost)  
  40  3:22  Phoenix (Chrono Boost)  
  39  3:28  Probe (Chrono Boost)  
  39  3:29  Probe (Chrono Boost)  
  39  3:31  Adept  
  43  3:37  Pylon  
  43  3:45  Probe  
  43  3:46  Probe  
  43  3:48  Phoenix (Chrono Boost)  
  46  3:56  Pylon  
  46  4:07  Probe  
  46  4:08  Probe  
  46  4:09  Phoenix (Chrono Boost)  
  49  4:11  Assimilator  
  49  4:18  Probe, Twilight Council  
  49  4:20  Probe, Pylon  
  51  4:24  Sentry  
  51  4:28  Probe  
  54  4:32  Probe  
  55  4:39  Phoenix (Chrono Boost)  
  59  4:49  Gateway  
  59  4:50  Gateway  
  57  4:54  Adept  
  57  4:55  Resonating Glaives (Chrono Boost)  
  59  5:02  Phoenix  
  59  5:06  Pylon  
  61  5:24  Adept, Pylon, Phoenix  
  61  5:25  Pylon  
  65  5:31  Pylon  
  65  5:35  Pylon  
  65  5:45  Adept x3  
  65  5:47  Phoenix  
  69  6:06  Adept x3  
Show
View Real Time Build Order
Export as new Build Order

uThermal Terran 

Build Orders: 1/1/1, Liberator Opening 

Get SALT Encoding   

  12  0:01  SCV  
  13  0:13  SCV  
  14  0:17  Supply Depot  
  14  0:25  SCV  
  15  0:32  Refinery  
  15  0:39  SCV  
  16  0:44  Barracks  
  16  0:51  SCV  
  17  1:03  SCV  
  18  1:05  Refinery  
  18  1:15  SCV  
  19  1:30  Orbital Command  
  19  1:31  Marine  
  20  1:33  Factory  
  20  1:44  Supply Depot  
  20  1:50  Barracks Reactor  
  20  1:57  SCV  
  21  2:09  SCV  
  22  2:18  Starport  
  22  2:29  Hellion x2  
  26  2:32  Supply Depot  
  26  2:33  SCV  
  27  2:40  Liberator  
  27  2:44  Barracks Tech Lab  
  27  2:51  Hellion x2  
  34  3:05  Supply Depot  
  34  3:19  Marine x2  
  36  3:20  Siege Tank  
  36  3:23  Liberator  
  35  3:37  Marine x2  
  38  3:52  Siege Tank  
  38  3:55  Marine x2  
  43  3:57  Barracks  
  43  4:04  Supply Depot  
  43  4:13  Marine x2  
  45  4:23  Medivac  
  47  4:27  Siege Tank  
  47  4:30  Marine  
  47  4:31  Marine  
  51  4:36  Supply Depot  
  52  4:44  Marine  
  53  4:48  Marine  
  53  4:49  Marine  
  55  4:59  Siege Tank  
  58  5:05  Supply Depot, Marine  
  59  5:12  Marine  
  60  5:24  Marine  
  61  5:31  Siege Tank  
  64  5:40  Marine  
  62  5:44  Marine  
  62  5:46  Marine  
  57  5:58  Marine  
  61  6:04  Marine  
  61  6:08  Marine  
Tags
 
Add a new tag
Caveats
  • Supply blocks, unpowered buildings, or Contaminate may cause inaccurate times.
  • Supply counts are checked every 10 seconds.